 Dungeon Crawl Stone Soup version 0.21.1-1-g345015f (webtiles) character file.

156 dvd the Firebug (level 5, -2/31 HPs)
             Began as an Octopode Fire Elementalist on July 29, 2018.
             Slain by an orc wizard
             ... wielding a +0 hand axe
              (5 damage)
             ... on level 3 of the Dungeon.
             The game lasted 00:06:22 (2608 turns).

dvd the Firebug (Octopode Fire Elementalist)        Turns: 2608, Time: 00:06:23

Health: -2/31      AC:  1    Str:  7    XL:     5   Next: 38%
Magic:  7/9        EV: 14    Int: 18    God:
Gold:   131        SH:  0    Dex: 13    Spells: 7/10 levels left

rFire    . . .     SeeInvis .   p - +0 spear (venom)
rCold    . . .     Gourm    .   (no shield)
rNeg     . . .     Faith    .   (helmet restricted)
rPois    .         Spirit   .   (no amulet)
rElec    .         Reflect  .   i - +1 ring of evasion
rCorr    .         Harm     .   (no ring)
MR       .....                  (no ring)
Stlth    +++.......             (no ring)
HPRegen  0.10/turn              (no ring)
MPRegen  0.11/turn              (no ring)
                                (no ring)
                                (no ring)

@: hasted, very quick
A: almost no armour, stealthy swim, amphibious, 8 rings, constrict 8, camouflage
1, gelatinous body 1
a: no special abilities


You were on level 3 of the Dungeon.
You were not hungry.

You visited 1 branch of the dungeon, and saw 3 of its levels.

You collected 131 gold pieces.

Inventory:

Hand Weapons
 d - a +0 short sword
 p - a +0 spear of venom (weapon)
Jewellery
 i - a +1 ring of evasion (left tentacle)
Scrolls
 c - a scroll of blinking {unknown}
 f - 3 scrolls of remove curse {unknown}
 h - 3 scrolls of identify {unknown}
 k - a scroll of fear {unknown}
 m - a scroll of amnesia {unknown}
Potions
 e - a potion of haste
 g - a potion of mutation {unknown}
 j - a potion of lignification {unknown}
 l - 2 potions of curing {unknown}
 n - a potion of might {unknown}
 o - a potion of flight {unknown}
 r - a potion of agility {unknown}
Books
 a - a book of Flames

   Spells                             Type                      Level
   a - Flame Tongue                   Conjuration/Fire             1
   b - Throw Flame                    Conjuration/Fire             2
   c - Conjure Flame                  Conjuration/Fire             3
   d - Inner Flame                    Hexes/Fire                   3
   e - Sticky Flame                   Conjuration/Fire             4
   f - Fireball                       Conjuration/Fire             5
Comestibles
 b - 6 rations
 q - 7 chunks of flesh


   Skills:
 + Level 0.3 Fighting
 + Level 2.1 Dodging
 - Level 2.8 Stealth
 + Level 0.5 Unarmed Combat
 + Level 3.0 Spellcasting
 + Level 2.7 Conjurations
 + Level 4.2 Fire Magic


You had 7 spell levels left.
You knew the following spells:

 Your Spells              Type           Power        Failure   Level  Hunger
a - Flame Tongue          Conj/Fire      ###..        3%          1    None
b - Throw Flame           Conj/Fire      ###...       6%          2    ##.....


Dungeon Overview and Level Annotations

Branches:
Dungeon (3/15)

Altars:
Cheibriados
Ru
Trog
Zin

Annotations:
D:3 1 runed door, Grinder


Innate Abilities, Weirdness & Mutations

You cannot wear most types of armour.
You are very stealthy in the water. (Stealth+)
You are amphibious.
You can wear up to eight rings at the same time.
You can use your tentacles to constrict eight enemies at once.
Your skin changes colour to match your surroundings (Stealth+).
Your rubbery body absorbs attacks. (AC +1, EV +1)


Message History

You constrict the orc. x2
You kill the orc!
The orc completely misses you. The hobgoblin barely misses you.
The orc wizard mumbles some strange words.
The orc wizard seems to speed up.
You hit the orc wizard but do no damage.
The orc wizard is poisoned.
You grab the orc wizard.
The orc wizard is lightly wounded.
You constrict the orc.
You constrict the orc wizard, but do no damage.
The orc wizard hits you with a hand axe.
* * * LOW HITPOINT WARNING * * *
The hobgoblin hits you but does no damage.
The orc misses you.
It was a potion of haste.
You feel yourself speed up.
You constrict the orc.
You kill the orc!
You constrict the orc wizard. The orc wizard closely misses you.
The hobgoblin misses you.
The orc wizard hits you with a hand axe.
You die...

.....###)...... ####
.....+)........ ....
....#......... .###
.............
##<..........
##............
####....))g.......
........o@.........
..........................
.?..#.[..................
.. ##..................
##...............#
##(............#
##...........#
##.........#
##.......#######


You could see an orc wizard and a hobgoblin.

Vanquished Creatures
  An orc wizard (D:3)
  Jessica (D:3)
  4 adders (D:2)
  2 worms
  2 leopard geckos
  5 orcs (D:3)
  2 ball pythons (D:2)
  7 bats
  2 giant cockroaches
  7 goblins
  4 hobgoblins
  7 kobolds
  2 quokkas
  7 frilled lizards
  5 rats
58 creatures vanquished.

Notes
Turn   | Place    | Note
-------+----------+-------------------------------------------
     0 | D:1      | dvd the Octopode Fire Elementalist began the quest for the Orb.
     0 | D:1      | Reached XP level 1. HP: 11/11 MP: 3/3
   144 | D:1      | Reached XP level 2. HP: 17/17 MP: 3/5
   203 | D:1      | Learned a level 2 spell: Throw Flame
  1444 | D:2      | Reached XP level 3. HP: 10/21 MP: 2/6
  1610 | D:2      | Found a bloodstained altar of Trog.
  1612 | D:2      | Found a glowing silver altar of Zin.
  1676 | D:2      | Found a faded altar of an unknown god.
  1783 | D:2      | Found a sacrificial altar of Ru.
  1787 | D:2      | Reached skill level 4 in Fire Magic
  1861 | D:2      | Reached XP level 4. HP: 27/27 MP: 2/7
  2189 | D:2      | Found a snail-covered altar of Cheibriados.
  2308 | D:3      | Found a runed door.
  2355 | D:3      | Noticed Grinder
  2404 | D:3      | Noticed Jessica
  2416 | D:3      | Killed Jessica
  2416 | D:3      | Reached XP level 5. HP: 23/31 MP: 4/9
  2608 | D:3      | Slain by an orc wizard

Skill      XL: |  1  2  3  4  5 |
---------------+----------------+-----
Fire Magic     | 4 |  4.2
Conjurations   | 2 |  2.7
Spellcasting   | 3 |  3.0
Fighting       | |  0.3
Dodging        | |  2.1
Stealth        | |  2.8
Unarmed Combat | |  0.5

Action                   |  1- 3 |  4- 6 || total
-------------------------+-------+-------++-------
Melee: Unarmed           |     9 |       ||     9
       Constrict         |     8 |    10 ||    18
       Tentacles         |     6 |     8 ||    14
       Short sword       |     6 |     3 ||     9
       Spear             |       |    34 ||    34
 Cast: Flame Tongue      |    46 |    20 ||    66
       Throw Flame       |     3 |     5 ||     8
  Use: Potion            |       |     1 ||     1
 Stab: Sleeping          |     1 |     2 ||     3
  Eat: Chunk             |     3 |     3 ||     6
Armor: Skin              |     4 |     2 ||     6
Dodge: Dodged            |    28 |    36 ||    64
